 Dungeon Crawl Stone Soup version 0.18.1-8-gdd0e5ea (webtiles) character file.

170 shmeve the Shield-Bearer (level 5, -5/49 HPs)
             Began as a Deep Dwarf Fighter on May 27, 2016.
             Slain by Menkaure (7 damage)
             ... on level 4 of the Dungeon.
             The game lasted 00:03:01 (1778 turns).

shmeve the Shield-Bearer (Deep Dwarf Fighter)       Turns: 1778, Time: 00:03:02

Health: -5/49      AC:  8    Str: 20    XL:     5   Next: 25%
Magic:  7/7        EV:  4    Int:  9    God:
Gold:   248        SH:  7    Dex: 12    Spells: 0 memorised, 4 levels left

rFire  . . .     SeeInvis .     a - +0 war axe
rCold  . . .     Gourm    .     k - +0 chain mail
rNeg   . . .     Faith    .     c - +0 shield
rPois  .         Spirit   .     (no helmet)
rElec  .         Dismiss  .     (no cloak)
rCorr  .         Reflect  .     (no gloves)
SustAt .         Harm     .     (no boots)
MR     .....                    (no amulet)
Stlth  ..........               (no ring)
                                (no ring)

@: non-regenerating, very heavily drained, not resistant to hostile
enchantments, extremely unstealthy
A: damage resistance, recharge devices, sense surroundings 1, slow regeneration
3
a: Device Recharging


You were on level 4 of the Dungeon.
You were not hungry.

You visited 1 branch of the dungeon, and saw 4 of its levels.

You collected 248 gold pieces.

Inventory:

Hand Weapons
 a - a +0 war axe (weapon)
Armour
 c - a +0 shield (worn)
 k - a +0 chain mail (worn)
Wands
 e - a wand of heal wounds (3/9)
Scrolls
 b - a scroll of fear {unknown}
 g - 4 scrolls of identify {unknown}
 j - a scroll of remove curse {unknown}
 n - 2 scrolls of enchant weapon {unknown}
 r - a scroll of amnesia {unknown}
 u - 2 scrolls of enchant armour {unknown}
 v - a scroll of random uselessness {unknown}
Potions
 d - a potion of might
 h - a potion of ambrosia {unknown}
 i - a potion of mutation {unknown}
 m - a potion of brilliance {unknown}
 q - a potion of cancellation {unknown}
 s - a potion of flight {unknown}
 t - a potion of agility {unknown}
 z - 2 potions of degeneration {unknown}
 A - a potion of berserk rage {unknown}
Comestibles
 f - 5 bread rations
 l - 5 fruits
 o - a royal jelly
 p - a slice of pizza
 w - 3 meat rations


   Skills:
 * Level 3.4(0.0) Fighting
 * Level 3.3(0.0) Axes
 + Level 3.8(0.3) Armour
 + Level 1.3(0.0) Dodging
 * Level 4.0(0.4) Shields
 + Level 2.6(0.0) Evocations


You had 4 spell levels left.
You didn't know any spells.

Dungeon Overview and Level Annotations

Branches:
Dungeon (4/15)
 Temple: D:4-7

Altars:

Annotations:
D:4 Menkaure


Innate Abilities, Weirdness & Mutations

You are resistant to damage.
You can recharge devices by infusing magical energy.
You passively map a small area around you.
You do not regenerate naturally.


Message History

Your shield prevents you from hitting Menkaure.
Menkaure is heavily damaged.
Menkaure hits you!!
You hit Menkaure.
Menkaure is severely damaged.
Menkaure gestures at you while chanting.
Pain shoots through your body!
* * * LOW HITPOINT WARNING * * *
You hit Menkaure.
Menkaure is severely damaged.
Menkaure gestures wildly while chanting.
Menkaure seems to speed up.
Menkaure casts a spell at you. Pain shoots through your body!
* * * LOW HITPOINT WARNING * * *
Unknown command.
Your shield and chain mail prevent you from hitting Menkaure.
Menkaure is severely damaged.
Menkaure hits you!
You die...

, * , ########### *
*
#.........#########
#.#######>.@M...?..
#.# ##########. #.#
#.. ,
###.########.####.#*
,
#..................
*
#.#.#######<..###..
, #.#.#####........#
#.#....##.#...##.# ,
#.####.##.##.###.#


You could see Menkaure.

Vanquished Creatures
  A giant frog (D:3)
  An orc wizard (D:3)
  An adder (D:3)
  2 worms (D:2)
  2 dart slugs
  4 giant geckos
  5 orcs
  3 ball pythons
  3 bats
  A giant cockroach (D:1)
  4 goblins
  2 hobgoblins
  2 jackals (D:3)
  A quokka (D:2)
  3 giant newts
  10 kobolds
  9 rats
54 creatures vanquished.

Notes
Turn   | Place    | Note
--------------------------------------------------------------
     0 | D:1      | shmeve the Deep Dwarf Fighter began the quest for the Orb.
     0 | D:1      | Reached XP level 1. HP: 20/20 MP: 1/1
     5 | D:1      | Reached skill level 1 in Evocations
    47 | D:1      | Reached XP level 2. HP: 22/27 MP: 2/2
   679 | D:2      | Reached XP level 3. HP: 21/33 MP: 4/4
  1347 | D:3      | Noticed a giant frog
  1354 | D:3      | Killed a giant frog
  1354 | D:3      | Reached skill level 1 in Dodging
  1354 | D:3      | Reached XP level 4. HP: 34/42 MP: 5/5
  1418 | D:3      | Reached XP level 5. HP: 37/49 MP: 6/6
  1469 | D:3      | Reached skill level 4 in Shields
  1769 | D:4      | Noticed Menkaure
  1777 | D:4      | HP: 2/49 [Menkaure/nerve-wracking pain (7)]
  1778 | D:4      | Slain by Menkaure

Skill      XL: |  1  2  3  4  5 |
---------------+----------------+-----
Evocations     | 1 2 |  2.6
Fighting       | 3 |  3.4
Dodging        | 1 |  1.3
Axes           | 3 |  3.3
Shields        | 4 |  4.0
Armour         | |  3.8

Action                   |  1- 3 |  4- 6 || total
-------------------------+-------+-------++-------
Melee: War axe           |   142 |    58 ||   200
Evoke: Wand              |     1 |     1 ||     2
  Eat: Chunk             |     2 |     1 ||     3
Armor: Scale mail        |    22 |       ||    22
       Chain mail        |    59 |    33 ||    92
Dodge: Dodged            |    35 |    16 ||    51
Block: Shield            |    83 |    26 ||   109
